 Dungeon Crawl Stone Soup version 0.22-a0-305-gd21a89c (webtiles) character file.

8514 xccam the Carver (level 11, -4/79 HPs)
             Began as a Formicid Fighter on Mar 29, 2018.
             Was a High Priest of Cheibriados.
             Slain by a spark wasp (13 damage)
             ... on level 2 of the Lair of Beasts.
             The game lasted 00:25:09 (10638 turns).

xccam the Carver (Formicid Fighter)                Turns: 10638, Time: 00:25:10

Health: -4/79      AC: 16    Str: 37    XL:     11   Next: 57%
Magic:  15/15      EV: 17    Int: 19    God:    Cheibriados [*****.]
Gold:   683        SH: 14    Dex: 21    Spells: 10/10 levels left

rFire    . . .     SeeInvis +   d - +0 scimitar
rCold    . . .     Gourm    +   c - +0 shield
rNeg     + + .     Faith    .   b - +5 chain mail of the Mutiny {rN++ Str+2}
rPois    .         Spirit   .   (helmet unavailable)
rElec    .         Reflect  .   (no cloak)
rCorr    .         Harm     .   (no gloves)
MR       +....                  n - +0 pair of boots
Stlth    ..........             v - amulet of the gourmand
HPRegen  0.23/turn              e - +4 ring of evasion
MPRegen  0.14/turn              L - +2 ring of evasion

@: very slow
A: permanent stasis, dig shafts and tunnels, four strong arms, antennae 3
a: Dig, Shaft Self, Bend Time, Temporal Distortion, Slouch, Step From Time,
Renounce Religion


You were on level 2 of the Lair of Beasts.
You worshipped Cheibriados.
Cheibriados was extremely pleased with you.
You were very full.

You visited 3 branches of the dungeon, and saw 14 of its levels.

You collected 683 gold pieces.

Inventory:

Hand Weapons
 d - a +0 scimitar (weapon)
Armour
 b - the +5 chain mail of the Mutiny (worn) {rN++ Str+2}
   (You found it on level 8 of the Dungeon)

   It affects your strength (+2).
   It greatly protects you from negative energy.
 c - a +0 shield (worn)
 l - a +2 scale mail of poison resistance
 n - a +0 pair of boots (worn)
 o - a +0 plate armour
 p - a +0 large shield
 G - a +2 scale mail of positive energy
Jewellery
 a - an uncursed ring of ice
 e - a +4 ring of evasion (left hand)
 m - an uncursed ring of flight
 q - an uncursed ring of protection from cold
 s - a +4 ring of intelligence
 v - an amulet of the gourmand (around neck)
 y - a +5 ring of dexterity
 D - the ring "Paiss" {AC+1 Stlth+}
   (You took it off a crimson imp on level 7 of the Dungeon)

   [ring of protection]

   It affects your AC (+1).
   It makes you more stealthy.
 F - the ring "Qosoa" {Int+4 Dex+4}
   (You found it on level 7 of the Dungeon)

   [ring of dexterity]

   It affects your intelligence (+4).
   It affects your dexterity (+4).
 I - an uncursed ring of stealth
 L - a +2 ring of evasion (right hand)
Wands
 E - a wand of polymorph (33)
 H - a wand of iceblast (4)
Scrolls
 g - a scroll of fear {unknown}
 i - 8 scrolls of remove curse
 j - 6 scrolls of immolation {unknown}
 k - 3 scrolls of blinking {unknown}
 r - a scroll of identify
 u - 2 scrolls of random uselessness {unknown}
 A - 4 scrolls of enchant weapon {unknown}
 B - a scroll of fog {unknown}
 J - 2 scrolls of acquirement {unknown}
 M - a scroll of magic mapping {unknown}
 N - a scroll of enchant armour {unknown}
 R - a scroll of amnesia {unknown}
Potions
 h - 5 potions of lignification
 t - a potion of cancellation
 w - 2 potions of agility
 x - a potion of heal wounds
 C - 2 potions of invisibility
 P - 3 potions of curing
 Q - a potion of might
Comestibles
 f - 27 rations


   Skills:
 + Level 5.1 Fighting
 * Level 13.4 Long Blades
 + Level 5.0 Armour
 + Level 2.9 Dodging
 - Level 9.1 Shields
 * Level 5.7 Invocations


You had 10 spell levels left.
You didn't know any spells.

Dungeon Overview and Level Annotations

Branches:
Dungeon (11/15)            Temple (1/1) D:4            Lair (2/6) D:9
    Orc (0/2) D:9
  Swamp: Lair:2-4    Shoals: Lair:2-4     Snake: Lair:2-4    Spider: Lair:2-4

Altars:
Ashenzari
Cheibriados
Dithmenos
Elyvilon
Fedhas
Gozag
Hepliaklqana
Kikubaaqudgha
Makhleb
Nemelex Xobeh
Okawaru
Qazlal
Ru
Sif Muna
Trog
Uskayaw
Vehumet
Wu Jian
Xom
Yredelemnul
Zin
The Shining One
Lugonu

Annotations:
D:10 exclusion: orange crystal statue


Innate Abilities, Weirdness & Mutations

You cannot be hasted, slowed, berserked, paralysed or teleported.
You can dig through walls and to a lower floor.
Your four strong arms can wield two-handed weapons with a shield.
You have a pair of large antennae on your head. (SInv)


Message History

The spark wasp is moderately wounded.
The spark wasp stings you but does no damage.
Your chain mail of the Mutiny prevents you from hitting the spark wasp.
The spark wasp is moderately wounded.
You block the spark wasp's attack.
You slice the spark wasp!!
The spark wasp is heavily wounded.
The spark wasp stings you but does no damage.
You slash the spark wasp!
The spark wasp is severely wounded.
The spark wasp misses you.
You hit the spark wasp but do no damage.
The spark wasp is severely wounded.
The spark wasp barely misses you.
You hit the spark wasp but do no damage.
The spark wasp is severely wounded.
The spark wasp stings you.
* * * LOW HITPOINT WARNING * * *
The spark wasp shocks you!
You die...

# .... #. #
..#.###
##.##....#..
......#....#
.....%#....#
...........#
......y....##
.......@...<##
.............##
..............##
..........<....#
...............#
.................#
###...............
##..............
#.P..P.##......


You could see a spark wasp.

Vanquished Creatures
  Fannar (Lair:1)
  Pikel (D:8)
  Maurice (D:9)
  Joseph (D:7)
  A spiny frog (Lair:1)
  2 komodo dragons
  2 hornets
  2 hippogriffs (Lair:1)
  Sigmund (D:6)
  A basilisk (Lair:2)
  A steam dragon (D:10)
  A wyvern (D:7)
  A water moccasin (Lair:1)
  Duvessa (D:6)
  2 porcupines (Lair:1)
  6 orc warriors
  2 sky beasts
  An ice beast (D:10)
  A phantom (D:6)
  7 ogres
  2 crocodiles
  3 centaurs
  8 bullfrogs
  Blork the orc (D:5)
  5 scorpions
  Dowan (D:6)
  3 wights (D:6)
  A howler monkey (D:9)
  A centaur zombie (D:5)
  2 crimson imps
  A bullfrog skeleton (D:6)
  7 hounds
  4 jellies
  3 orc priests
  2 centaur skeletons
  3 gnoll shamans
  3 orc wizards
  Ijyb (D:4)
  4 iguanas
  4 worker ants
  A killer bee zombie (D:7)
  2 hound skeletons
  Robin (D:2)
  4 gnolls
  6 adders
  2 shadow imps
  A white imp (D:9)
  An ooze (D:3)
  7 worms
  2 dart slugs (D:1)
  8 leopard geckos
  20 orcs
  6 bats
  9 giant cockroaches
  13 goblins
  9 hobgoblins
  4 jackals (D:4)
  2 quokkas
  A ball python (D:2)
  3 frilled lizards
  A goblin skeleton (D:9)
  A goblin zombie (D:9)
  6 hobgoblin zombies (D:9)
  A jackal skeleton (D:7)
  8 kobolds
  2 kobold skeletons (D:9)
  2 kobold zombies (D:9)
  5 rats
223 creatures vanquished.

Vanquished Creatures (others)
  3 gnolls (D:8)
  An orc (D:10)
  6 plants (D:9)
10 creatures vanquished.

Grand Total: 233 creatures vanquished

Notes
Turn   | Place    | Note
-------+----------+-------------------------------------------
     0 | D:1      | xccam the Formicid Fighter began the quest for the Orb.
     0 | D:1      | Reached XP level 1. HP: 18/18 MP: 1/1
   115 | D:1      | Reached XP level 2. HP: 1/24 MP: 2/2
   894 | D:2      | Reached skill level 3 in Long Blades
   894 | D:2      | Reached XP level 3. HP: 17/29 MP: 3/3
  1351 | D:2      | Found a glowing silver altar of Zin.
  1551 | D:2      | Reached XP level 4. HP: 35/35 MP: 4/4
  1735 | D:2      | Noticed Robin
  1751 | D:2      | Killed Robin
  1914 | D:3      | Found a hide-covered altar of Uskayaw.
  2109 | D:3      | Reached skill level 4 in Long Blades
  2128 | D:3      | Reached XP level 5. HP: 31/41 MP: 5/5
  2147 | D:3      | Found a shimmering altar of Xom.
  2501 | D:4      | Found a shattered altar of Ashenzari.
  2509 | D:4      | Found a staircase to the Ecumenical Temple.
  2563 | Temple   | Entered the Ecumenical Temple
  2586 | Temple   | Became a worshipper of Cheibriados the Contemplative
  2659 | D:4      | Noticed Ijyb
  2674 | D:4      | Reached skill level 5 in Shields
  2702 | D:4      | Killed Ijyb
  2913 | D:4      | Found a sparkling altar of Nemelex Xobeh.
  2926 | D:4      | Reached XP level 6. HP: 37/47 MP: 6/6
  3042 | D:4      | Reached skill level 5 in Long Blades
  3216 | D:4      | Found a sacrificial altar of Ru.
  3256 | D:4      | Reached * piety under Cheibriados
  3455 | D:5      | Entered Level 5 of the Dungeon
  3461 | D:5      | Noticed an ogre
  3471 | D:5      | Killed an ogre
  3471 | D:5      | Reached XP level 7. HP: 31/52 MP: 7/7
  3477 | D:5      | Reached skill level 6 in Long Blades
  3790 | D:5      | Found an ornate altar of the Wu Jian Council.
  3816 | D:5      | Found a bloodstained altar of Trog.
  3899 | D:5      | Noticed Blork the orc
  3911 | D:5      | Killed Blork the orc
  3912 | D:5      | Found a deep blue altar of Sif Muna.
  4014 | D:5      | Reached skill level 7 in Long Blades
  4014 | D:5      | Reached XP level 8. HP: 14/58 MP: 8/8
  4414 | D:6      | Found a glowing silver altar of Zin.
  4472 | D:6      | Reached ** piety under Cheibriados
  4543 | D:6      | Reached skill level 8 in Long Blades
  4689 | D:6      | Found an opulent altar of Gozag.
  4691 | D:6      | Noticed Dowan
  4692 | D:6      | Noticed Duvessa
  4701 | D:6      | Killed Dowan
  4710 | D:6      | Killed Duvessa
  4715 | D:6      | Reached XP level 9. HP: 35/64 MP: 9/9
  4892 | D:6      | Reached skill level 9 in Long Blades
  4944 | D:6      | Noticed Sigmund
  4949 | D:6      | Killed Sigmund
  5390 | D:7      | Noticed a hornet
  5404 | D:7      | Killed a hornet
  5404 | D:7      | Reached skill level 10 in Long Blades
  5415 | D:7      | Reached *** piety under Cheibriados
  5517 | D:7      | HP: 3/64 [ogre/giant club (19)]
  5675 | D:7      | Got a twitching golden ring
  5682 | D:7      | Identified the ring "Paiss" {AC+1 Stlth+} (You took it off a crimson imp on level 7 of the Dungeon)
  5833 | D:7      | Got a scintillating glass ring
  5846 | D:7      | Identified the ring "Qosoa" {Int+4 Dex+4} (You found it on level 7 of the Dungeon)
  5850 | D:7      | Identified Faracelu's Disquisition on Warped Summoning
  5898 | D:7      | Reached skill level 11 in Long Blades
  5898 | D:7      | Reached XP level 10. HP: 70/70 MP: 10/10
  5971 | D:7      | Noticed Joseph
  5990 | D:7      | Killed Joseph
  6058 | D:7      | Reached skill level 12 in Long Blades
  6221 | D:7      | Reached **** piety under Cheibriados
  6684 | D:8      | Noticed Pikel
  6697 | D:8      | Killed Pikel
  6920 | D:8      | Found an iron altar of Okawaru.
  7099 | D:8      | Found a white marble altar of Elyvilon.
  7181 | D:8      | Got a jet-studded chain mail
  7192 | D:8      | Identified the +5 chain mail of the Mutiny {rN++ Str+2} (You found it on level 8 of the Dungeon)
  7246 | D:9      | Noticed Maurice
  7249 | D:9      | Reached skill level 1 in Invocations
  7267 | D:9      | Killed Maurice
  7267 | D:9      | Reached skill level 1 in Dodging
  7277 | D:9      | Found a staircase to the Orcish Mines.
  7662 | D:9      | Found a glowing golden altar of the Shining One.
  7743 | D:9      | Noticed a komodo dragon
  7753 | D:9      | Killed a komodo dragon
  7753 | D:9      | Reached XP level 11. HP: 77/77 MP: 13/13
  7773 | D:9      | Found a hazy altar of Hepliaklqana.
  7812 | D:9      | Found a staircase to the Lair.
  8498 | D:10     | Entered Level 10 of the Dungeon
  8622 | D:10     | Reached skill level 13 in Long Blades
  8836 | D:10     | Noticed an orange crystal statue
  9014 | D:10     | Reached ***** piety under Cheibriados
  9392 | D:11     | Noticed a purple ugly thing
  9392 | D:11     | Noticed a four-headed hydra
  9449 | D:11     | Noticed a two-headed ogre
  9787 | Lair:1   | Entered Level 1 of the Lair of Beasts
 10087 | Lair:1   | Noticed Fannar
 10126 | Lair:1   | Killed Fannar
 10126 | Lair:1   | Reached skill level 5 in Invocations
 10389 | Lair:1   | Found a frozen archway.
 10434 | Lair:1   | Reached skill level 5 in Fighting
 10506 | Lair:1   | Reached skill level 5 in Armour
 10617 | Lair:2   | Noticed a seven-headed hydra
 10632 | Lair:2   | Noticed a spark wasp
 10632 | Lair:2   | a seven-headed hydra changed into a spark wasp
 10638 | Lair:2   | Slain by a spark wasp

Vault maps used:
D:1:      dpeg_arrival_concentric_ovals
D:2:      zin_statuary, uniq_robin
D:3:      marbit_many_paths, lemuel_round_altar, st_stairs_4
D:4:      corexii_shack_village, nemelex_xobeh_ov_fountains_minmay,
          lemuel_coloured_pillars_altar, evilmike_ruin_ashenzari,
          minmay_temple_entry_junction, uniq_ijyb
D:5:      overflow_temple_1_default, old_standard_altar, tgw_sif, first_ration
D:6:      lemuel_crystal_altar, portal_sewer_entry_f, basic_altar,
          corexii_corridor_pit, uniq_sigmund, uniq_duvessa
D:7:      minmay_the_grid_octo_tiled_octocenter, grunt_ogre_cave, uniq_joseph
D:8:      elyvilon_altar_3, okawaru_metal_pillars_3, uniq_pikel
D:9:      lemuel_round_altar, nicolae_tso_besieged_by_evil, david_lair_shrubbed,
          orc_david_3, uniq_maurice
D:10:     minmay_statue_bubble
D:11:     minmay_liquid_box, uniq_gastronok
Temple:   corrupted_temple
Lair:1:   portal_ice_cave_entry_pillars_1, uniq_fannar
Lair:2:   roderic_batcave, minivault_19

Skill      XL: |  1  2  3  4  5  6  7  8  9 10 11 |
---------------+----------------------------------+-----
Shields        | 4 5 6 8 9 |  9.1
Long Blades    | 3 4 5 7 8 11 12 13 | 13.4
Invocations    | 3 5 |  5.7
Dodging        | 1 2 |  2.9
Fighting       | 4 5 |  5.1
Armour         | 5 |  5.0

Action                   |  1- 3 |  4- 6 |  7- 9 | 10-12 || total
-------------------------+-------+-------+-------+-------++-------
Melee: Long sword        |   111 |    38 |       |    62 ||   211
       Falchion          |       |   176 |   316 |    58 ||   550
       Scimitar          |       |       |       |   218 ||   218
Invok: Bend Time         |       |       |       |     2 ||     2
       Temporal Distorti |       |       |       |     1 ||     1
Evoke: Wand              |       |       |     2 |     9 ||    11
  Use: Potion            |       |     1 |     2 |     6 ||     9
       Scroll            |       |       |    11 |     3 ||    14
  Eat: Chunk             |     1 |     8 |     4 |    15 ||    28
       Ration            |       |       |       |     1 ||     1
Armor: Scale mail        |    18 |       |     1 |    11 ||    30
       Chain mail        |    32 |    90 |    71 |    67 ||   260
Dodge: Dodged            |    29 |    52 |    98 |   132 ||   311
Block: Shield            |    48 |   118 |   166 |   202 ||   534
       Rpst.: Long sword |     8 |     6 |       |     6 ||    20
       Falchion          |       |    12 |    33 |     5 ||    50
       Scimitar          |       |       |       |    23 ||    23

Table legend:
 A = Spawn XP
 B = Non-spawn XP
 C = Spawn XP percentage of total XP
 D = Spawn monster count
 E = Non-spawn monster count
 F = Spawn count percentage of total count
 G = Total turns spent on level
                    A         B        C        D         E        F      G
               +---------+---------+-------+---------+---------+-------+---------
         Total |       0 |   12163 |   0.0 |       0 |     223 |   0.0 | 10638
               +---------+---------+-------+---------+---------+-------+---------
           D:1 |       0 |      26 |   0.0 |       0 |      14 |   0.0 |   843
           D:2 |       0 |      70 |   0.0 |       0 |      25 |   0.0 |  1038
           D:3 |       0 |      55 |   0.0 |       0 |      13 |   0.0 |   611
           D:4 |       0 |     234 |   0.0 |       0 |      28 |   0.0 |   925
           D:5 |       0 |     747 |   0.0 |       0 |      11 |   0.0 |   895
           D:6 |       0 |    1399 |   0.0 |       0 |      30 |   0.0 |   721
           D:7 |       0 |    2770 |   0.0 |       0 |      41 |   0.0 |  1558
           D:8 |       0 |     718 |   0.0 |       0 |       7 |   0.0 |   576
           D:9 |       0 |    1924 |   0.0 |       0 |      27 |   0.0 |  1323
          D:10 |       0 |     867 |   0.0 |       0 |      13 |   0.0 |  1233
        Lair:1 |       0 |    3051 |   0.0 |       0 |      12 |   0.0 |   817
        Lair:2 |       0 |     302 |   0.0 |       0 |       2 |   0.0 |    34
               +---------+---------+-------+---------+---------+-------+---------
